 Dungeon Crawl Stone Soup version 0.19-a0-1886-gd64a0f0 (webtiles) character file.

228 Kirkhe the Chopper (level 5, 0/57 HPs)
             Began as a Demonspawn Gladiator on Oct 16, 2016.
             Slain by a scorpion (1 damage)
             ... on level 4 of the Dungeon.
             The game lasted 00:05:36 (3136 turns).

Kirkhe the Chopper (Demonspawn Gladiator)           Turns: 3136, Time: 00:05:37

Health: 0/57       AC: 22    Str: 16    XL:     5   Next: 70%
Magic:  5/5        EV:  2    Int:  9    God:
Gold:   118        SH:  0    Dex: 14    Spells: 0 memorised, 4 levels left

rFire  . . .     SeeInvis .     a - +0 war axe
rCold  . . .     Gourm    .     (armour currently unavailable)
rNeg   + + +     Faith    .     (no shield)
rPois  +         Spirit   .     (helmet currently unavailable)
rElec  .         Dismiss  .     (cloak currently unavailable)
rCorr  .         Reflect  .     (gloves currently unavailable)
MR     +....     Harm     .     (boots currently unavailable)
Stlth  +......... NoTele   +    (no amulet)
                                (no ring)
                                t - ring of protection from magic

@: lethally poisoned (0 -> -14), tree-form
A: (claws 0), (slimy green scales 0)
a: no special abilities


You were on level 4 of the Dungeon.
You were hungry.
You were a tree.
You visited 1 branch of the dungeon, and saw 4 of its levels.

You collected 118 gold pieces.

Inventory:

Hand Weapons
 a - a +0 war axe (weapon)
Missiles
 d - 3 throwing nets (quivered)
 i - 13 poisoned needles
Armour
 b - a +0 leather armour (melded)
 u - a +0 helmet (melded)
Jewellery
 t - a ring of protection from magic (left branch)
Wands
 h - a wand of polymorph (22/24)
Scrolls
 j - a scroll of remove curse
Potions
 e - 2 potions of flight
Comestibles
 f - 2 bread rations
 m - a slice of pizza


   Skills:
 - Level 2.0 Fighting
 + Level 5.3 Axes
 - Level 1.7 Throwing
 + Level 2.2 Armour
 - Level 2.6 Dodging


You had 4 spell levels left.
You didn't know any spells.

Dungeon Overview and Level Annotations

Branches:
Dungeon (4/15)
 Temple: D:4-7

Altars:
Gozag

Annotations:
D:3 Tekks's ghost, amateur HOFi


Innate Abilities, Weirdness & Mutations

((You have sharp fingernails.))
((You are partially covered in slimy green scales. (AC +2)))


Message History

The scorpion is lightly wounded.
You miss the adder.
* * * LOW HITPOINT WARNING * * *
You feel sick. The adder bites you but does no damage. The adder bites you.
* * * LOW HITPOINT WARNING * * *
The scorpion stings you but does no damage.
You hit the adder.
The adder is heavily wounded.
You closely miss the scorpion.
* * * LOW HITPOINT WARNING * * *
You feel sick. The adder bites you but does no damage.
The scorpion stings you but does no damage.
The adder bites you but does no damage.
Okay, then.
You closely miss the scorpion.
The scorpion is lightly wounded.
You hit the adder.
* * * LOW HITPOINT WARNING * * *
You feel sick. The adder bites you but does no damage. The scorpion stings you.
You die...

.#### .....
########.....
#............
#............
#............
#...S........
#..s♣........
#############


You could see a scorpion and an adder.

Vanquished Creatures
  A bullfrog zombie (D:3)
  Terence (D:2)
  5 adders
  2 oozes (D:3)
  A worm (D:2)
  12 dart slugs
  3 leopard geckos
  2 orcs (D:3)
  7 bats
  2 giant cockroaches (D:1)
  12 goblins
  8 hobgoblins
  6 jackals
  9 kobolds
  A quokka (D:3)
  5 frilled lizards
  10 rats
87 creatures vanquished.

Notes
Turn   | Place    | Note
-------+----------+-------------------------------------------
     0 | D:1      | Kirkhe the Demonspawn Gladiator began the quest for the Orb.
     0 | D:1      | Reached XP level 1. HP: 16/16 MP: 1/1
    79 | D:1      | Reached skill level 3 in Axes
    92 | D:1      | Gained mutation: You are partially covered in slimy green scales. (AC +2) [demonic ancestry]
    92 | D:1      | Reached XP level 2. HP: 20/22 MP: 2/2
   541 | D:1      | Reached XP level 3. HP: 27/27 MP: 3/3
   909 | D:2      | Noticed Terence
   925 | D:2      | Killed Terence
   925 | D:2      | Reached skill level 4 in Axes
   930 | D:2      | Reached skill level 1 in Armour
   930 | D:2      | Gained mutation: You have sharp fingernails. [demonic ancestry]
   930 | D:2      | Reached XP level 4. HP: 11/33 MP: 4/4
  1599 | D:2      | Found an opulent altar of Gozag.
  1965 | D:3      | Reached XP level 5. HP: 38/38 MP: 5/5
  2024 | D:3      | Noticed Tekks's ghost (amateur HOFi)
  2765 | D:3      | Reached skill level 5 in Axes
  3135 | D:4      | HP: 2/57 [poisoned by a scorpion]
  3136 | D:4      | Slain by a scorpion

Vault maps used:
D:1:      shiori_arrival_maze
D:2:      nicolae_overflow_crystal_walls, uniq_terence
D:3:      kennysheep_slugbush, first_bread
D:4:      uniq_crazy_yiuf_cottage

Skill      XL: |  1  2  3  4  5 |
---------------+----------------+-----
Axes           | 3 4 5 |  5.3
Armour         | 1 2 |  2.2
Fighting       | |  2.0
Throwing       | |  1.7
Dodging        | |  2.6

Action                   |  1- 3 |  4- 6 || total
-------------------------+-------+-------++-------
Melee: War axe           |    96 |   159 ||   255
  Use: Potion            |     3 |     1 ||     4
       Scroll            |       |    10 ||    10
  Eat: Chunk             |       |     7 ||     7
Armor: Leather armour    |    44 |    71 ||   115
       Skin              |       |    15 ||    15
Dodge: Dodged            |    71 |   115 ||   186
